 Dungeon Crawl Stone Soup version 0.29.0 (webtiles) character file.

Game seed: 5841005959595505214

324 Orban the Trooper (level 6, -1/56 HPs)
             Began as a Minotaur Monk on Sept 1, 2022.
             Was a Believer of Ru.
             Succumbed to an orc priest's poison
             ... on level 3 of the Dungeon.
             The game lasted 00:08:40 (3240 turns).

Orban the Trooper (Minotaur Monk)                   Turns: 3240, Time: 00:08:41

Health: -1/56      AC:  6    Str: 17    XL:     6   Next: 23%
Magic:  5/5        EV: 26    Int:  7    God:    Ru [**....]
Gold:   170        SH:  0    Dex: 13    Spells: 5/5 levels left

rFire   . . .      SeeInvis .   k - +0 short sword (drain)
rCold   . . .      Faith    .   (no shield)
rNeg    . . .      Spirit   .   j - +0 scale mail
rPois   .          Reflect  .   (helmet restricted)
rElec   .          Harm     .   (no cloak)
rCorr   .          Rampage  .   (no gloves)
Will    .....                   (no boots)
Stlth   +.........              g - amulet of the acrobat
HPRegen 0.18/turn               (no ring)
MPRegen 0.09/turn               (no ring)

@: lethally poisoned (-1 -> -11), acrobatic
A: horns 2, hated by all, retaliatory headbutt
a: Renounce Religion


You were on level 3 of the Dungeon.
You worshipped Ru.
Ru was pleased with you.
You visited 1 branch of the dungeon, and saw 4 of its levels.

You collected 170 gold pieces.

Inventory:

Hand Weapons
 a - a +0 hand axe
 k - a +0 short sword of draining (weapon)
 o - a +0 short sword of freezing
 v - a +0 giant club
Armour
 b - a +0 robe
 j - a +0 scale mail (worn)
Jewellery
 g - an amulet of the acrobat (around neck)
 s - a ring of positive energy
 w - a ring of ice
Scrolls
 f - a scroll of amnesia {unknown}
 h - 3 scrolls of identify {unknown}
 i - 3 scrolls of magic mapping {unknown}
 m - 2 scrolls of poison {unknown}
 n - a scroll of enchant weapon {unknown}
 p - a scroll of teleportation {unknown}
 q - a scroll of enchant armour {unknown}
 r - a scroll of brand weapon {unknown}
 u - a scroll of immolation {unknown}
 x - a scroll of butterflies {unknown}
Potions
 c - a potion of ambrosia
 d - 2 potions of heal wounds {unknown}
 e - 3 potions of curing {unknown}
 l - 2 potions of flight {unknown}
 t - a potion of cancellation {unknown}


   Skills:
 + Level 5.0 Fighting
 * Level 2.5 Short Blades
 - Level 4.9 Axes
 + Level 0.7 Armour
 + Level 4.6 Dodging
 - Level 2.8 Stealth


You had 5 spell levels left.
You didn't know any spells.
Your spell library contained the following spells:

 Spells                   Type           Power      Damage    Failure   Level
 Ensorcelled Hibernation  Hex/Ice        0%         N/A       94%         2
 Passwall                 Tmut/Erth      0%         N/A       94%         2
 Dazzling Flash           Conj/Hex       0%         N/A       99%         3
 Ozocubu's Armour         Ice            0%         N/A       99%         3
 Swiftness                Air            0%         N/A       99%         3
 Agony                    Necr           0%         N/A       100%        5
 Freezing Cloud           Conj/Ice/Air   0%         6-21      100%        5
 Silence                  Hex/Air        0%         N/A       100%        5
 Malign Gateway           Summ/Tloc      Unusable   N/A       N/A         7

Dungeon Overview and Level Annotations

Branches:
Dungeon (4/15)
 Temple: D:4-7

Altars:
Ru

Shops:
D:2 (


Innate Abilities, Weirdness & Mutations

You have a pair of horns on your head.
You are hated by all.
You reflexively headbutt those who attack you in melee.


Message History

There is an entrance to a sewer on this level.
Hurry and find it before the portal rusts away!
The orc misses you. The orc warrior barely misses you.
There is a stone staircase leading up here.
The orc closely misses you.
The orc warrior hits you with a +0 hand axe!
You focus your inner power and illuminate the orc warrior in retribution!
The orc priest looks braver for a moment.
You climb upwards.
There is a stone staircase leading down here.
You hit the orc. You drain the orc. You headbutt the orc.
The orc is almost dead.
The orc priest hits you with a +1 war axe of venom.
The orc closely misses you. You furiously retaliate!
You headbutt the orc!
You kill the orc!
The orc warrior hits you with a +0 hand axe.
The orc priest closely misses you. You furiously retaliate!
You headbutt the orc priest.
Things that are here:
a +0 dagger; an orc corpse You hit the orc priest.
You drain the orc priest. Your headbutt misses the orc priest.
The orc priest is heavily wounded.
The orc warrior stops glowing.
The orc priest barely misses you. You furiously retaliate!
You headbutt the orc priest, but do no damage.
The orc warrior barely misses you. You furiously retaliate!
You headbutt the orc warrior. You hit the orc priest.
You headbutt the orc priest, but do no damage.
The orc priest is severely wounded.
The orc priest hits you with a +1 war axe of venom!
You are poisoned.
The orc warrior hits you with a +0 hand axe.
You feel very sick.
The orc priest mumbles some strange prayers to Beogh against you.
Beogh smites you!
* * * LOW HITPOINT WARNING * * *
The orc warrior barely misses you.
There is an open door here.
You die...

#.# #.####.##.##.## # #.#
#..........<.# # #.#
#########.#### # ####.#####
##'## #........## ##.).##
#.##..###.## ##.....## ##
#.##.## ##.###.......## ##.
#.##.# #.##.........####..
#.##.## ##.@')o.......'.....
#.....###.###o[.......####..
####.#...## ##.......## ##.
#.##### ##.....## ## #.#
##...## #.# ##'## #.# #.#
#.# #.# ####### #.# #####
##.## #......


You could see an orc warrior and an orc priest (very drained).

Vanquished Creatures
  2 orc priests (D:3)
  A jelly (D:3)
  An iguana (D:3)
  Terence (D:3)
  An orc wizard (D:3)
  4 adders
  2 worms
  3 dart slugs
  12 orcs (D:3)
  4 bats
  6 endoplasms
  4 giant cockroaches
  9 goblins
  6 hobgoblins
  2 jackals (D:1)
  15 kobolds
  3 quokkas
  7 ball pythons
  4 frilled lizards
  10 rats
97 creatures vanquished.

Vanquished Creatures (others)
  An ogre (D:3)
1 creature vanquished.

Grand Total: 98 creatures vanquished

Notes
Turn   | Place    | Note
-------+----------+-------------------------------------------
     0 | D:1      | Orban the Minotaur Monk began the quest for the Orb.
     0 | D:1      | Reached XP level 1. HP: 19/19 MP: 0/0
   316 | D:1      | Got the Collected Works on Generative Glaciation
   355 | D:1      | Reached XP level 2. HP: 24/27 MP: 1/1
   435 | D:1      | Reached skill level 4 in Fighting
   776 | D:1      | Reached XP level 3. HP: 33/33 MP: 2/2
  1099 | D:2      | Found a faded altar of an unknown god.
  1126 | D:2      | Prayed at the altar of an unknown god.
  1126 | D:2      | Became a worshipper of Ru the Awakened
  1138 | D:2      | Gained mutation: You are hated by all. [Ru sacrifice]
  1138 | D:2      | Reached * piety under Ru
  1138 | D:2      | Reached ** piety under Ru
  1146 | D:2      | Reached XP level 4. HP: 36/40 MP: 3/3
  1390 | D:2      | Found Movusic's Antique Weapon Boutique.
  1490 | D:2      | Reached skill level 1 in Short Blades
  2127 | D:3      | Reached XP level 5. HP: 47/47 MP: 4/4
  2716 | D:3      | Noticed an ogre
  2719 | D:3      | Killed an ogre
  2853 | D:3      | Reached skill level 5 in Fighting
  2853 | D:3      | Reached XP level 6. HP: 43/56 MP: 5/5
  2935 | D:3      | Noticed Terence
  2943 | D:3      | Killed Terence
  3223 | D:4      | Noticed an orc warrior
  3239 | D:3      | HP: 1/56 [orc priest/divine providence (15)]
  3240 | D:3      | Succumbed to an orc priest's poison

Illustrated notes

Levels and vault maps discovered:
D:1:      lemuel_arrival_cross, layout_rooms, minmay_tree_intersection
D:2:      layout_loops_ring, ebering_ecumenical_altar_petrified, serial_shops,
          shop_statue, minmay_bisected
D:3:      minmay_razor_zed, layout_loops_corners, uniq_terence
D:4:      layout_cave_pools, cheibrodos_sewer_entry_sluice, chequers_mini_garden

Skill      XL: |  1  2  3  4  5 |
---------------+----------------+-----
Fighting       | 4 5 |  5.0
Stealth        | 2 |  2.8
Axes           | 4 |  4.9
Short Blades   | 1 2 |  2.5
Dodging        | 4 |  4.6
Armour         | |  0.7

Action                   |  1- 3 |  4- 6 || total
-------------------------+-------+-------++-------
Melee: Hand axe          |    71 |       ||    71
       Headbutt          |    15 |    28 ||    43
       Short sword       |    27 |   124 ||   151
Invok: Sacrifice Love    |     1 |       ||     1
 Stab: Sleeping          |     1 |       ||     1
Armor: Robe              |    11 |       ||    11
       Scale mail        |    14 |    25 ||    39
Dodge: Dodged            |    79 |    81 ||   160
